A- SE
ST. LUCIE METS @ CLEARWATER THRESHERS
08/31/2041
 
TOP OF THE 1ST
St. Lucie Mets batting - Pitching for Clearwater Threshers : LHP Mike Watkins
Pitching: LHP Mike Watkins
Batting: RHB Juan Carlos Valdillez 0-0: Ball
1-0: Called Strike
1-1: Called Strike
1-2: Ball
2-2: Foul Ball, location: 23FF
2-2: Strikes out looking
Batting: SHB Kevin French 0-0: Swinging Strike
0-1: Foul Ball, location: 3F
0-2: Ball
1-2: Ground out 6-3 (Groundball, 6S, EV 80.0 MPH)
Batting: RHB Greg William 0-0: SINGLE (Line Drive, 78S, EV 101.9 MPH)
Batting: RHB Jim Unknown 0-0: Ball
1-0: Swinging Strike
1-1: SINGLE (Groundball, 4MD, EV 94.4 MPH)
Greg William to second
Runner from 2nd tries for 3rd, SAFE, throw by CF made to third
Jim Unknown to second
Batting: SHB Jim Unknown 0-0: Called Strike
0-1: Ball
1-1: Fly out, F6 (Popup, 6, EV 63.8 MPH)
Top of the 1st over - 0 runs, 2 hits, 0 errors, 2 left on base; St. Lucie 0 - Clearwater 0
BOTTOM OF THE 1ST
Clearwater Threshers batting - Pitching for St. Lucie Mets : LHP Alex Calhoun
Pitching: LHP Alex Calhoun
Batting: LHB Johnny Roehl 0-0: Called Strike
0-1: Called Strike
0-2: Foul Ball, location: 2F
0-2: Strikes out swinging
Batting: RHB Kevin Tidwell 0-0: Foul Ball, location: 2F
0-1: Ball
1-1: Ball
2-1: Ball
3-1: Base on Balls
Batting: RHB Doug McDowell 0-0: Ball
1-0: Ball
2-0: Ball
3-0: Called Strike
3-1: Foul Ball, location: 2F
3-2: Foul Ball, location: 7LMF
3-2: Ground out 5-3 (Groundball, 56S, EV 82.5 MPH)
Kevin Tidwell to second
Batting: LHB Rod Yabsley 0-0: Foul Ball, location: 5FF
0-1: Single, Error in OF, E8, batter to second base (Groundball, 6MD, EV 95.0 MPH)
Kevin Tidwell scores
Batting: RHB Dave Lee 0-0: Swinging Strike
0-1: Foul Ball, location: 2F
0-2: Ball
1-2: Ball
2-2: Strikes out swinging
Bottom of the 1st over - 1 run, 1 hit, 1 error, 1 left on base; St. Lucie 0 - Clearwater 1
TOP OF THE 2ND
St. Lucie Mets batting - Pitching for Clearwater Threshers : LHP Mike Watkins
Pitching: LHP Nate Alvara
Batting: RHB Jim Unknown 0-0: Ball
1-0: Called Strike
1-1: Ground out 1-3 (Groundball, 15S, EV 69.4 MPH)
Batting: SHB Jim Unknown 0-0: Swinging Strike
0-1: Called Strike
0-2: Ball
1-2: Ball
2-2: Strikes out looking
Batting: RHB Jim Unknown 0-0: Ball
1-0: Ball
2-0: Called Strike
2-1: Swinging Strike
2-2: Ball
3-2: Foul Ball, location: 2F
3-2: Base on Balls
Batting: RHB Jim Unknown 0-0: Called Strike
0-1: Ball
1-1: Foul Ball, location: 9LMF
1-2: Ball
2-2: Ball
3-2: Foul Ball, location: 9LSF
3-2: Fly out, F2 (Popup, 23F, EV 76.3 MPH)
Top of the 2nd over - 0 runs, 0 hits, 0 errors, 1 left on base; St. Lucie 0 - Clearwater 1
BOTTOM OF THE 2ND
Clearwater Threshers batting - Pitching for St. Lucie Mets : LHP Alex Calhoun
Batting: LHB Ghenima Karani 0-0: Ball
1-0: SINGLE (Line Drive, 78S, EV 106.9 MPH)
Batting: RHB Shawn Hartley 0-0: Ball
1-0: Ball
2-0: Ball
3-0: Called Strike
3-1: Foul Ball, location: 3SF
3-2: Strikes out looking
Batting: RHB Kevin Coffey 0-0: Called Strike
0-1: Foul Ball, location: 9LDF
0-2: SINGLE (Groundball, 34D, EV 101.9 MPH)
Ghenima Karani to second
Batting: SHB Sean Walker 0-0: Fly out, F9 (Line Drive, 9, EV 107.5 MPH)
Batting: LHB Johnny Roehl 0-0: Ball
1-0: Fly out, F8 (Flyball, 8LM, EV 87.5 MPH)
Bottom of the 2nd over - 0 runs, 2 hits, 0 errors, 2 left on base; St. Lucie 0 - Clearwater 1
TOP OF THE 3RD
St. Lucie Mets batting - Pitching for Clearwater Threshers : LHP Nate Alvara
Batting: RHB Juan Carlos Valdillez 0-0: Ball
1-0: Ball
2-0: Called Strike
2-1: Foul Ball, location: 2F
2-2: Foul Ball, location: 3F
2-2: Foul Ball, location: 2F
2-2: Foul Ball, location: 9LSF
2-2: Ball
3-2: Foul Ball, location: 9LDF
3-2: SINGLE (Line Drive, 9LS, EV 101.9 MPH)
Batting: SHB Kevin French 0-0: Ball
Juan Carlos Valdillez steals 2nd base
1-0: Ball
2-0: Ball
3-0: Called Strike
3-1: Foul Ball, location: 3DF
3-2: Fly out, F8 (Flyball, 78D, EV 103.1 MPH)
Batting: RHB Greg William 0-0: Ball
Juan Carlos Valdillez steals 3rd base
1-0: Called Strike
1-1: Foul Ball, location: 9LSF
1-2: Ground out 5-3 (Groundball, 56S, EV 78.1 MPH)
Juan Carlos Valdillez scores
Batting: RHB Jim Unknown 0-0: Ball
1-0: Ground out 6-3 (Groundball, 6, EV 91.9 MPH)
Top of the 3rd over - 1 run, 1 hit, 0 errors, 0 left on base; St. Lucie 1 - Clearwater 1
BOTTOM OF THE 3RD
Clearwater Threshers batting - Pitching for St. Lucie Mets : LHP Alex Calhoun
Batting: RHB Kevin Tidwell 0-0: Foul Ball, location: 2F
0-1: Foul Ball, location: 3F
0-2: Ball
1-2: Ball
2-2: Strikes out swinging
Batting: RHB Doug McDowell 0-0: Swinging Strike
0-1: Called Strike
0-2: Strikes out looking
Batting: LHB Rod Yabsley 0-0: Foul Ball, location: 2F
0-1: Ground out 5-3 (Groundball, 56S, EV 90.6 MPH)
Bottom of the 3rd over - 0 runs, 0 hits, 0 errors, 0 left on base; St. Lucie 1 - Clearwater 1
TOP OF THE 4TH
St. Lucie Mets batting - Pitching for Clearwater Threshers : LHP Nate Alvara
Batting: SHB Jim Unknown 0-0: Ball
1-0: Foul Ball, location: 2F
1-1: Ground out 5-3 (Groundball, 56S, EV 81.9 MPH)
Batting: RHB Jim Unknown 0-0: Called Strike
0-1: Ball
1-1: Ball
2-1: Called Strike
2-2: Ball
3-2: SINGLE (Groundball, 34D, EV 94.4 MPH)
Batting: SHB Jim Unknown 0-0: Called Strike
0-1: Grounds into double play, 6-4-3 (Groundball, 6, EV 88.8 MPH)
Top of the 4th over - 0 runs, 1 hit, 0 errors, 0 left on base; St. Lucie 1 - Clearwater 1
BOTTOM OF THE 4TH
Clearwater Threshers batting - Pitching for St. Lucie Mets : LHP Alex Calhoun
Batting: RHB Dave Lee 0-0: Ball
1-0: Called Strike
1-1: Ground out 5-3 (Groundball, 5L, EV 90.0 MPH)
Batting: LHB Ghenima Karani 0-0: Ball
1-0: Foul Ball, location: 3F
1-1: Foul Ball, location: 23FF
1-2: Ball
2-2: Ball
3-2: Strikes out looking
Pitching: RHP Jim Unknown
Batting: RHB Shawn Hartley 0-0: Foul Ball, location: 7LSFF
0-1: Swinging Strike
0-2: Fly out, F7 (Flyball, 78S, EV 88.1 MPH)
Bottom of the 4th over - 0 runs, 0 hits, 0 errors, 0 left on base; St. Lucie 1 - Clearwater 1
TOP OF THE 5TH
St. Lucie Mets batting - Pitching for Clearwater Threshers : LHP Nate Alvara
Batting: RHB Jim Unknown 0-0: Fly out, F9 (Flyball, 9, EV 91.3 MPH)
Batting: RHB Jim Unknown 0-0: Ball
1-0: Foul Ball, location: 5FF
1-1: Foul Ball, location: 9LSF
1-2: Ball
2-2: Fly out, F4 (Popup, 4, EV 50.6 MPH)
Batting: RHB Juan Carlos Valdillez 0-0: Called Strike
0-1: Swinging Strike
0-2: Strikes out swinging
Top of the 5th over - 0 runs, 0 hits, 0 errors, 0 left on base; St. Lucie 1 - Clearwater 1
BOTTOM OF THE 5TH
Clearwater Threshers batting - Pitching for St. Lucie Mets : RHP Jim Unknown
Batting: RHB Kevin Coffey 0-0: Called Strike
0-1: Ball
1-1: Fly out, F9 (Flyball, 89M, EV 83.8 MPH)
Batting: SHB Sean Walker 0-0: Foul Ball, location: 2F
0-1: Ball
1-1: Ball
2-1: Foul Ball, location: 2F
2-2: Ball
3-2: Strikes out swinging
Batting: LHB Johnny Roehl 0-0: Ground out 1-3 (Groundball, 13S, EV 70.0 MPH)
Bottom of the 5th over - 0 runs, 0 hits, 0 errors, 0 left on base; St. Lucie 1 - Clearwater 1
TOP OF THE 6TH
St. Lucie Mets batting - Pitching for Clearwater Threshers : LHP Nate Alvara
Batting: SHB Kevin French 0-0: Ball
1-0: Ground out 4-3 (Groundball, 4, EV 87.5 MPH)
Batting: RHB Greg William 0-0: Ball
1-0: Ball
2-0: Fly out, F7 (Flyball, 7, EV 78.1 MPH)
Batting: RHB Jim Unknown 0-0: Called Strike
0-1: SINGLE (Line Drive, 4MD, EV 98.1 MPH)
Batting: SHB Jim Unknown 0-0: Foul Ball, location: 9LSF
0-1: Ball
1-1: SINGLE (Groundball, 56D, EV 104.4 MPH)
Jim Unknown to second
Batting: RHB Jim Unknown 0-0: Ball
1-0: Fielders Choice at 2nd, 6-4 (Groundball, 6, EV 81.3 MPH)
Top of the 6th over - 0 runs, 2 hits, 0 errors, 2 left on base; St. Lucie 1 - Clearwater 1
BOTTOM OF THE 6TH
Clearwater Threshers batting - Pitching for St. Lucie Mets : RHP Jim Unknown
Pinch Hitting: RHB T.J. Lacy 0-0: Called Strike
0-1: Ball
1-1: Ball
2-1: Ball
3-1: SINGLE (Groundball, 4MD, EV 98.1 MPH)
Batting: RHB Doug McDowell 0-0: Ball
1-0: Ball
2-0: 2-RUN HOME RUN (Line Drive, 7LD, EV 100.6 MPH), Distance : 364 ft
Batting: LHB Rod Yabsley 0-0: Called Strike
0-1: Ball
1-1: Foul Ball, location: 2F
1-2: Ball
2-2: Ball
3-2: Ground out 5-3 (Groundball, 56, EV 100.6 MPH)
Batting: RHB Dave Lee 0-0: Ball
1-0: Ball
2-0: Called Strike
2-1: Ground out 6-3 (Groundball, 6, EV 100.0 MPH)
Batting: LHB Ghenima Karani 0-0: SINGLE (Line Drive, 9LM, EV 101.3 MPH)
Batting: RHB Shawn Hartley 0-0: Foul Ball, location: 23F
0-1: Fly out, F8 (Line Drive, 8LM, EV 91.9 MPH)
Bottom of the 6th over - 2 runs, 3 hits, 0 errors, 1 left on base; St. Lucie 1 - Clearwater 3
TOP OF THE 7TH
St. Lucie Mets batting - Pitching for Clearwater Threshers : LHP Nate Alvara
Now at SS: Gijsbert Kranendonk
Batting: SHB Jim Unknown 0-0: Ball
1-0: Ball
2-0: Ground out 4-3 (Groundball, 4M, EV 83.1 MPH)
Batting: RHB Jim Unknown 0-0: Called Strike
0-1: Ball
1-1: Reached on error, E4 (Groundball, 4, EV 102.5 MPH)
Pitching: RHP Edgardo Garza
Batting: LHB Jim Unknown 0-0: Called Strike
0-1: Fly out, F8 (Flyball, 8RD, EV 102.5 MPH)
Batting: RHB Juan Carlos Valdillez 0-0: Ball
1-0: Foul Ball, location: 7LSF
1-1: Called Strike
1-2: SINGLE (Groundball, 4S, EV 70.0 MPH) (infield hit)
Jim Unknown to third
Batting: SHB Kevin French 0-0: Ground out 4-3 (Groundball, 4, EV 103.8 MPH)
Top of the 7th over - 0 runs, 1 hit, 1 error, 2 left on base; St. Lucie 1 - Clearwater 3
BOTTOM OF THE 7TH
Clearwater Threshers batting - Pitching for St. Lucie Mets : RHP Jim Unknown
Pinch Hitting: RHB Ezra Hethrington 0-0: Ball
1-0: Ball
2-0: Called Strike
2-1: Ball
3-1: Base on Balls
Batting: SHB Sean Walker 0-0: Foul Ball, location: 9LSF
0-1: Sac Bunt to 2R - play at first, batter OUT! 2-3
Ezra Hethrington to second
Batting: LHB Johnny Roehl 0-0: Intentional Walk
Batting: RHB Gijsbert Kranendonk 0-0: Ball
Ezra Hethrington steals 3rd base
Johnny Roehl to second
1-0: Ball
2-0: Fly out, F7 (Flyball, 78S, EV 97.5 MPH)
Runner from 3rd tags up, SCORES, throw by LF
Pitching: RHP Jim Unknown
Batting: RHB Doug McDowell 0-0: Foul Ball, location: 5F
0-1: Ball
1-1: Called Strike
1-2: Hit by Pitch
Batting: LHB Rod Yabsley 0-0: Ball
1-0: Swinging Strike
1-1: Ground out U3 (Groundball, 23, EV 85.0 MPH)
Bottom of the 7th over - 1 run, 0 hits, 0 errors, 2 left on base; St. Lucie 1 - Clearwater 4
TOP OF THE 8TH
St. Lucie Mets batting - Pitching for Clearwater Threshers : RHP Edgardo Garza
Now at 3B: Rob Coffey
Batting: RHB Greg William 0-0: Ball
1-0: SINGLE (Line Drive, 8LS, EV 99.4 MPH)
Batting: RHB Jim Unknown 0-0: Foul Ball, location: 2F
0-1: Ball
1-1: Swinging Strike
1-2: Foul Ball, location: 5F
1-2: Ball
2-2: Foul Ball, location: 9LMF
2-2: Ground out 5-3 (Groundball, 56, EV 103.1 MPH)
Greg William to second
Batting: SHB Jim Unknown 0-0: Fly out, F4 (Popup, 3S, EV 86.9 MPH)
Pinch Hitting: RHB Jim Unknown 0-0: Foul Ball, location: 25F
0-1: Swinging Strike
0-2: Strikes out swinging
Top of the 8th over - 0 runs, 1 hit, 0 errors, 1 left on base; St. Lucie 1 - Clearwater 4
BOTTOM OF THE 8TH
Clearwater Threshers batting - Pitching for St. Lucie Mets : RHP Jim Unknown
Now at 1B: Greg William
Now at 2B: Jim Unknown
Pinch Hitting: RHB Dan Wilson 0-0: Ball
1-0: Ball
2-0: Ball
3-0: Called Strike
3-1: Ground out 6-3 (Groundball, 6, EV 100.6 MPH)
Batting: LHB Ghenima Karani 0-0: Called Strike
0-1: Ball
1-1: Ball
2-1: Swinging Strike
2-2: Strikes out swinging
Pinch Hitting: LHB Robinson Manuel 0-0: Ball
1-0: DOUBLE (Line Drive, 5D, EV 98.1 MPH)
Batting: RHB Rob Coffey 0-0: DOUBLE (Line Drive, 5D, EV 95.0 MPH)
Robinson Manuel scores
Batting: SHB Sean Walker 0-0: Called Strike
0-1: SINGLE (Line Drive, 7S, EV 93.8 MPH)
Rob Coffey to third
Runner from 3rd tries for Home, SAFE, throw by LF to home
Batting: LHB Johnny Roehl 0-0: Ball
1-0: Ball
2-0: Called Strike
2-1: Foul Ball, location: 7LSF
2-2: Strikes out swinging
Bottom of the 8th over - 2 runs, 3 hits, 0 errors, 1 left on base; St. Lucie 1 - Clearwater 6
TOP OF THE 9TH
St. Lucie Mets batting - Pitching for Clearwater Threshers : RHP Edgardo Garza
Now at 2B: Juan Alba
Now in CF: Alfredo Román
Pinch Hitting: RHB Jim Unknown 0-0: Called Strike
0-1: Ball
1-1: Foul Ball, location: 9LMF
1-2: Ball
2-2: Fly out, F9 (Flyball, 89M, EV 94.4 MPH)
Pinch Hitting: LHB Jim Unknown 0-0: Ball
1-0: Called Strike
1-1: SINGLE (Groundball, 6MS, EV 67.5 MPH) (infield hit)
Batting: LHB Jim Unknown 0-0: Swinging Strike
0-1: Called Strike
0-2: Strikes out looking
Batting: RHB Juan Carlos Valdillez 0-0: Called Strike
0-1: Called Strike
0-2: Foul Ball, location: 23FF
0-2: Ball
1-2: Ball
2-2: Foul Ball, location: 5SF
2-2: Foul Ball, location: 5DF
2-2: SINGLE (Groundball, 25, EV 69.4 MPH) (infield hit)
Jim Unknown to second
Batting: SHB Kevin French 0-0: Called Strike
0-1: Swinging Strike
0-2: Foul Ball, location: 2F
0-2: Ball
1-2: Ball
2-2: Ball
3-2: Base on Balls
Jim Unknown to third
Juan Carlos Valdillez to second
Pitching: RHP Eric White
Batting: RHB Greg William 0-0: Called Strike
0-1: Swinging Strike
0-2: Fly out, F7 (Flyball, 7, EV 83.1 MPH)
Top of the 9th over - 0 runs, 2 hits, 0 errors, 3 left on base; St. Lucie 1 - Clearwater 6
Monday, April 1st , 2024 - OOTP Baseball 24.10 Build 82